 Dungeon Crawl Stone Soup version 0.29.0 (webtiles) character file.

Game seed: 12879389388692794576

44 funkygono the Firebug (level 3, -1/19 HPs)
             Began as a Gargoyle Fire Elementalist on Aug 24, 2022.
             Engulfed by a cloud of flame (4 damage)
             ... on level 2 of the Dungeon.
             The game lasted 00:03:56 (2620 turns).

funkygono the Firebug (Gargoyle Fire Elementalist)  Turns: 2620, Time: 00:03:57

Health: -1/19      AC:  9    Str: 11    XL:     3   Next: 62%
Magic:  6/6        EV: 16    Int: 17    God:
Gold:   134        SH:  0    Dex: 10    Spells: 0/6 levels left

rFire   . . .      SeeInvis .   e - +0 whip
rCold   . . .      Faith    .   (no shield)
rNeg    + . .      Spirit   .   a - +0 robe
rPois   ∞          Reflect  .   h - +0 helmet
rElec   +          Harm     .   c - +1 cloak of Starlight {*Dazzle EV+4 Stlth--}
rCorr   .          Rampage  .   g - +0 pair of gloves
Will    .....                   (no boots)
Stlth   ..........              (no amulet)
HPRegen 0.06/turn               (no ring)
MPRegen 0.10/turn               (no ring)

@: no status effects
A: sickness immunity, AC +3, negative energy resistance 1, electricity
resistance, torment resistance 1, petrification resistance
a: no special abilities


You were on level 2 of the Dungeon.
You visited 1 branch of the dungeon, and saw 2 of its levels.

You collected 134 gold pieces.

Inventory:

Hand Weapons
 e - a +0 whip (weapon)
 m - a +0 flail
Armour
 a - a +0 robe (worn)
 c - the +1 cloak of Starlight (worn) {*Dazzle EV+4 Stlth--}
   (You acquired it on level 1 of the Dungeon)

   It may blind those who miss an attack against the wearer in melee combat.
   EV:        It affects your evasion (+4).
   Stlth:     It makes you much less stealthy.
 g - a +0 pair of gloves (worn)
 h - a +0 helmet (worn)
Jewellery
 f - an amulet of magic regeneration
Potions
 b - a potion of magic
 i - 3 potions of brilliance
 k - a potion of heal wounds
 l - a potion of curing {unknown}


   Skills:
 + Level 0.1 Fighting
 + Level 1.8 Dodging
 + Level 2.6 Stealth
 + Level 2.4 Spellcasting
 + Level 1.3 Conjurations
 + Level 3.7 Fire Magic


You couldn't memorise any spells.
You knew the following spells:

 Your Spells              Type           Power      Damage    Failure   Level
a - Foxfire               Conj/Fire      40%        2x1d6     7%          1
b - Scorch                Fire           28%        2d6       6%          2
c - Conjure Flame         Conj/Fire      10%        6-21      21%         3

Your spell library contained the following spells:

 Spells                   Type           Power      Damage    Failure   Level
 Inner Flame              Hex/Fire       8%         N/A       26%         3
 Flame Wave               Conj/Fire      10%        2d6       54%         4


Dungeon Overview and Level Annotations

Branches:
Dungeon (2/15)

Altars:


Innate Abilities, Weirdness & Mutations

You are immune to sickness and miasma.
Your stone body is resilient. (AC +3)
You are immune to poison.
You resist negative energy. (rN+)
You are resistant to electric shocks. (rElec)
You are resistant to unholy torment.
You are immune to petrification.


Message History

There is an escape hatch in the ceiling here.
There is a stone staircase leading up here.
There is an open door here.
There is an open door here.
There is an open door here.
There is an open door here.
There is an open door here.
Partly explored, can't reach some places.
Partly explored, can't reach some places.
Really walk into a travel-excluded area?
You are engulfed in blazing flames.
Ouch! That really hurt!
* * * LOW HITPOINT WARNING * * *
Partly explored, can't reach some places.
As you read the scroll labelled MUOXIR DYDO, it crumbles to dust.
A profound silence engulfs you.
It was a scroll of silence.
You start waiting.
Your hearing returns.
Blink to where?
Press: ? - help, Dir - move target Really blink into a travel-excluded area?
As you read the scroll labelled LANU ITHETULOGG, it crumbles to dust.
It was a scroll of blinking.
You see here a +0 club.
Okay, then.
The air fills with toxic fumes!
As you read the scroll labelled BATRUT JABLO, it crumbles to dust.
It was a scroll of poison.
You start waiting.
Done waiting.
As you read the scroll labelled BUC POTTEOSS, it crumbles to dust.
You hear a loud clanging noise!
It was a scroll of noise.
You see here a +0 club.
Really walk into a travel-excluded area?
You are engulfed in blazing flames.
Ouch! That really hurt!
* * * LOW HITPOINT WARNING * * *
You are engulfed in blazing flames.
You die...

....###### ##..#
....########## ##...#
###.(......).# #....##
#..<.......## ###...#
#..........'# #§○§#
#..........## #§☼○#
#..........## #.°§#
###...........#####...######
#..............§@§.....°§○.#
#....#####.....°○○.)...§○..#
#..(.# #.....§☼§.....§§☼.#
.....# ##....#####...######
.....# ##.....# #§§○#
(..(.###......# #.○§#
.....#...#....# #○°§#
.......######## #...#
......## #####


There were no monsters in sight!

Vanquished Creatures
  3 endoplasms
  6 giant cockroaches
  2 goblins (D:1)
  5 hobgoblins (D:1)
  6 jackals (D:1)
  A quokka (D:1)
  3 ball pythons (D:1)
  5 bats (D:1)
  A frilled lizard (D:1)
  4 kobolds
  3 rats (D:1)
39 creatures vanquished.

Vanquished Creatures (others)
  76 foxfires
  2 plants (D:1)
78 creatures vanquished.

Grand Total: 117 creatures vanquished

Notes
Turn   | Place    | Note
-------+----------+-------------------------------------------
     0 | D:1      | funkygono the Gargoyle Fire Elementalist began the quest
                  | for the Orb.
     0 | D:1      | Reached XP level 1. HP: 10/10 MP: 3/3
   213 | D:1      | Reached XP level 2. HP: 15/15 MP: 0/5
   531 | D:1      | Learned a level 2 spell: Scorch
   910 | D:1      | Reached XP level 3. HP: 19/19 MP: 4/6
   914 | D:1      | Learned a level 3 spell: Conjure Flame
  1333 | D:1      | Found a faded altar of an unknown god.
  1738 | D:1      | Identified a scroll of acquirement
  1738 | D:1      | Acquired the +1 cloak of Starlight {*Dazzle EV+4 Stlth--}
  1738 | D:1      | Found the +1 cloak of Starlight {*Dazzle EV+4 Stlth--}
  2620 | D:2      | Engulfed by a cloud of flame

Illustrated notes

Levels and vault maps discovered:
D:1:      minmay_arrival_four_loops, layout_basic,
          chequers_ecumenical_altar_lobes, interstate_on_off,
          minmay_misc_feat_rows, minmay_3d_cube
D:2:      layout_basic, lemuel_flame_loot_1

Action                   || total
-------------------------++-------
Melee: Unarmed           ||     5
       Club              ||    12
       Punch             ||     2
       Whip              ||    27
 Cast: Foxfire           ||    47
  Use: Scroll            ||     9
 Stab: Sleeping          ||     1
Armor: Robe              ||    32
Dodge: Dodged            ||    45
